 Dungeon Crawl Stone Soup version 0.29-a0-824-gd827844252 (webtiles) character file.

Game seed: 2591550482040973805

3540 flotson the Trooper (level 9, -1/71 HPs)
             Began as a Demonspawn Delver on July 10, 2022.
             Was an Initiate of Gozag.
             Slain by Pikel
             ... wielding a +2 whip of electrocution
              (20 damage)
             ... on level 7 of the Dungeon.
             The game lasted 00:17:43 (9692 turns).

flotson the Trooper (Demonspawn Delver)             Turns: 9692, Time: 00:17:45

Health: -1/71      AC: 10    Str: 17    XL:     9   Next: 82%
Magic:  9/9        EV: 13    Int: 11    God:    Gozag
Gold:   436        SH:  0    Dex: 15    Spells: 8/8 levels left

rFire   + . .      SeeInvis .   y - +0 club (spect)
rCold   . . .      Faith    .   (no shield)
rNeg    . . .      Spirit   .   n - +0 ring mail {Will+}
rPois   .          Reflect  .   o - +0 helmet
rElec   .          Harm     .   t - +0 cloak
rCorr   .          Rampage  .   (no gloves)
Will    +....                   (no boots)
Stlth   ++........              (no amulet)
HPRegen 0.21/turn               v - ring of protection from fire
MPRegen 0.11/turn               (no ring)

@: no status effects
A: claws 2, slimy green scales 1, demonic guardian 1, spiny 1
a: Renounce Religion, Potion Petition, Call Merchant, Bribe Branch


You were on level 7 of the Dungeon.
You worshipped Gozag.
Gozag was aware of your devotion.
You visited 2 branches of the dungeon, and saw 8 of its levels.
You also visited: Bailey.

You collected 567 gold pieces.
You paid 131 gold pieces to Gozag.

Inventory:

Hand Weapons
 a - a +2 dagger of electrocution
 b - a +0 sling
 p - a +0 war axe
 q - a +0 trident
 r - a +0 morningstar
 y - a +0 spectral club (weapon)
 I - a +2 vorpal flail
Missiles
 l - 37 stones
 w - 6 boomerangs (quivered)
 J - 9 poisoned darts
Armour
 n - a +0 ring mail of willpower (worn)
 o - a +0 helmet (worn)
 t - a +0 cloak (worn)
Jewellery
 v - a ring of protection from fire (left claw)
Wands
 k - a wand of polymorph (6)
 C - a wand of flame (13)
Scrolls
 c - 3 scrolls of fog
 d - 3 scrolls of teleportation
 f - 2 scrolls of immolation {unknown}
 g - a scroll of acquirement {unknown}
 i - 2 scrolls of summoning {unknown}
 s - a scroll of enchant weapon {unknown}
 u - a scroll of brand weapon {unknown}
 F - 2 scrolls of enchant armour {unknown}
 H - a scroll of amnesia {unknown}
Potions
 e - 2 potions of heal wounds
 h - a potion of mutation
 m - 2 potions of haste
 x - 2 potions of might
 z - 2 potions of attraction
 A - a potion of degeneration {unknown}
 B - a potion of resistance {unknown}
 D - 2 potions of flight
 E - 2 potions of curing


   Skills:
 + Level 6.4 Fighting
 + Level 5.1(5.3) Axes
 - Level 1.7(3.7) Polearms
 + Level 4.8 Throwing
 + Level 5.1 Armour
 + Level 5.5 Dodging
 - Level 4.5 Stealth
 + Level 5.7 Evocations


You had 8 spell levels left.
You didn't know any spells.
Your spell library contained the following spells:

 Spells                   Type           Power      Damage    Failure   Level
 Magic Dart               Conj           0%         1d3       52%         1
 Shock                    Conj/Air       0%         1d3       52%         1
 Sting                    Tmut/Pois      0%         1d3       52%         1
 Call Imp                 Summ           0%         N/A       67%         2
 Ensorcelled Hibernation  Hex/Ice        0%         N/A       67%         2
 Passwall                 Tmut/Erth      0%         N/A       67%         2
 Poisonous Vapours        Pois/Air       0%         N/A       67%         2
 Mephitic Cloud           Conj/Pois/Air  0%         N/A       88%         3
 Swiftness                Air            0%         N/A       88%         3
 Airstrike                Air            0%         0-1+      99%         4
 Olgreb's Toxic Radiance  Pois           0%         N/A       99%         4


Dungeon Overview and Level Annotations

Branches:
Dungeon (7/15)             Temple (1/1) D:6          Bailey (visited)

Altars:
Ashenzari
Cheibriados
Dithmenos
Fedhas
Gozag
Hepliaklqana
Makhleb
Nemelex Xobeh
Okawaru
Qazlal
Sif Muna
Trog
Uskayaw
Vehumet
Xom

Shops:
D:3 (

Annotations:
D:7 Menkaure, Pikel


Innate Abilities, Weirdness & Mutations

You have very sharp fingernails.
You are partially covered in slimy green scales. (AC +2)
A weak demonic guardian rushes to your aid.
You are partially covered in sharp spines.


Message History

You closely miss Pikel.
Pikel is severely wounded.
Pikel hits you with a +2 whip of electrocution!
You are electrocuted!!
A demonic guardian appears!
You barely miss Pikel.
Pikel is severely wounded.
Pikel hits you but does no damage.
You swap places.
Pikel zaps a wand.
Your white imp's mind is blasted!
Your white imp is blown up!
Your white imp disappears in a puff of smoke!
Okay, then.
Unknown command.
Unknown command.
Throw: 6 boomerangs
Press: ? - help, Q - select action, (/) - cycle Shift-Dir - straight line, f/p - Pikel
Aim: Pikel, wielding a +2 whip of electrocution, wearing a +0 robe and carrying a wand of mindburst (11) (heavily wounded, 58% to hit)
You throw a boomerang. The boomerang hits Pikel.
Pikel is heavily wounded.
Pikel zaps a wand.
You easily resist.
Throw: 6 boomerangs
Press: ? - help, Q - select action, (/) - cycle Shift-Dir - straight line, f/p - Pikel
Aim: Pikel, wielding a +2 whip of electrocution, wearing a +0 robe and carrying a wand of mindburst (10) (heavily wounded, 58% to hit)
You throw a boomerang. The boomerang closely misses Pikel.
The boomerang barely misses the lemure.
Pikel says, "I touched Geryon's horn once."
You hit Pikel.
Pikel is severely wounded.
Pikel zaps a wand.
Your mind is blasted!
* * * LOW HITPOINT WARNING * * *
Pikel closely misses you.
You hit Pikel.
Pikel is severely wounded.
Pikel zaps a wand.
You easily resist.
You hit Pikel.
Pikel is severely wounded.
Pikel hits you with a +2 whip of electrocution.
* * * LOW HITPOINT WARNING * * *
You are electrocuted!!
You die...
Your body crumbles into a pile of gold.

,*>***....#.##.# #.##### *,
,,,*<,,.#.#.##.#########.#
*****,
,,,*,,,................#.#
*,,,,,
,,,*,*###.#.##.#*#...#.#.#
*,****
,,,*,,,........###...#.#.# *,*
,,,*#####..K...........#.##*,*
**,,...5...$##.###........#*,*
,,,,,***.,#$#..#..........#*,*
**,,,,**,,#..#.#@####..[..#*,*
*,*****,,#....#K#
#.)...#*,****
*,****#..##.#.#5#
#######*,,,,,
*,**,*#......$55# ******
**,****#.###..5### ,,,*,,,*,*
##..# ****,_,*,***#..#
*,,,*,*,,..># *,,,*,*,#####


You could see Pikel and 3 lemures.

Vanquished Creatures
  Maggie (D:6)
  Prince Ribbit (D:6)
  Sigmund (D:2)
  3 spriggans (Bailey)
  A wraith (D:5)
  Edmund (D:6)
  A water moccasin (D:7)
  An ice beast (D:6)
  A sky beast (D:7)
  A black bear (D:6)
  4 ogres (Bailey)
  2 centaurs (D:7)
  A lemure (D:7)
  Blork the orc (D:4)
  A bullfrog (D:7)
  3 scorpions
  5 killer bees
  A howler monkey (D:7)
  3 hounds
  A jelly (D:5)
  Jessica (D:3)
  5 iguanas
  Natasha (D:2)
  3 orc wizards
  Robin (D:4)
  5 adders
  A shadow imp (D:6)
  2 white imps
  An ufetubus (D:6)
  A dart slug (D:3)
  A worm (D:5)
  26 orcs
  8 endoplasms
  2 giant cockroaches
  12 goblins
  3 hobgoblins
  4 jackals (D:3)
  5 kobolds
  2 quokkas
  3 ball pythons
  3 bats (D:1)
  3 frilled lizards
  5 rats
132 creatures vanquished.

Vanquished Creatures (collateral kills)
  An ogre (Bailey)
  An orc priest (D:6)
  Natasha (twice) (D:2)
  An orc (D:3)
  2 goblins (D:4)
  A hobgoblin (D:4)
  3 kobolds (D:7)
11 creatures vanquished.

Grand Total: 143 creatures vanquished

Notes
Turn   | Place    | Note
-------+----------+-------------------------------------------
     0 | D:5      | flotson the Demonspawn Delver began the quest for the Orb.
     0 | D:5      | Reached XP level 1. HP: 18/18 MP: 1/1
     8 | D:5      | Noticed a scorpion
    16 | D:5      | Noticed an iguana
   221 | D:5      | Noticed an orc wizard
   234 | D:5      | Noticed an iguana
   236 | D:5      | Noticed a jelly
   255 | D:5      | Killed an iguana
   256 | D:5      | Reached skill level 1 in Evocations
   256 | D:5      | Gained mutation: A weak demonic guardian rushes to your
                  | aid. [demonic ancestry]
   256 | D:5      | Reached XP level 2. HP: 24/24 MP: 2/2
   294 | D:3      | Reached XP level 3. HP: 29/29 MP: 3/3
   353 | D:2      | You fall into a shaft and drop 1 floor!
   391 | D:3      | Found Botai's Weapon Boutique.
   448 | D:3      | Reached skill level 1 in Armour
   532 | D:1      | Reached skill level 1 in Axes
  1683 | D:2      | Noticed Natasha
  1683 | D:2      | Noticed Sigmund
  1711 | D:2      | Killed Natasha
  1712 | D:2      | Gained mutation: You are partially covered in slimy green
                  | scales. (AC +2) [demonic ancestry]
  1712 | D:2      | Reached XP level 4. HP: 14/35 MP: 4/4
  2242 | D:3      | Noticed Jessica
  2254 | D:3      | Killed Jessica
  2419 | D:3      | Found a stormy altar of Qazlal.
  2448 | D:3      | Gained mutation: You have sharp fingernails. [demonic
                  | ancestry]
  2448 | D:3      | Reached XP level 5. HP: 28/41 MP: 5/5
  3241 | D:4      | Reached skill level 1 in Throwing
  3641 | D:4      | Found a broken altar of Ashenzari.
  3706 | D:4      | Reached XP level 6. HP: 45/48 MP: 6/6
  4019 | D:4      | Found a hazy altar of Hepliaklqana.
  4074 | D:4      | Noticed Blork the orc
  4084 | D:4      | Killed Blork the orc
  4085 | D:4      | Reached skill level 4 in Fighting
  4267 | D:4      | Noticed Robin
  4532 | D:4      | Killed Robin
  4566 | D:4      | Found a burning altar of Makhleb.
  4980 | D:2      | Noticed Natasha
  5005 | D:2      | Killed Natasha
  5455 | D:2      | Killed Sigmund
  5456 | D:2      | Gained mutation: You are partially covered in sharp spines.
                  | [demonic ancestry]
  5456 | D:2      | Reached XP level 7. HP: 54/54 MP: 7/7
  5512 | D:2      | Noticed Natasha
  5518 | D:2      | Killed Natasha
  6311 | D:6      | Noticed a wraith
  6334 | D:5      | Killed a wraith
  6335 | D:5      | Reached XP level 8. HP: 29/61 MP: 8/8
  6545 | D:6      | Reached skill level 5 in Fighting
  6799 | D:6      | Noticed Edmund
  6805 | D:6      | Noticed Maggie
  6815 | D:6      | Killed Maggie
  6817 | D:6      | Killed Edmund
  7289 | D:6      | Found a staircase to the Ecumenical Temple.
  7303 | Temple   | Entered the Ecumenical Temple
  7490 | Temple   | Became a worshipper of Gozag Ym Sagoz the Greedy
  7721 | D:6      | Noticed Prince Ribbit
  7729 | D:6      | Killed Prince Ribbit
  7730 | D:6      | Gained mutation: You have very sharp fingernails. [demonic
                  | ancestry]
  7730 | D:6      | Reached XP level 9. HP: 40/69 MP: 9/9
  7919 | D:7      | Found a flagged portal.
  7927 | Bailey   | Entered a bailey
  8023 | Bailey   | Noticed a two-headed ogre
  8140 | Bailey   | Reached skill level 5 in Dodging
  8140 | Bailey   | Reached skill level 5 in Evocations
  8190 | Bailey   | Reached skill level 6 in Fighting
  9058 | D:7      | Noticed Menkaure
  9322 | D:7      | Reached skill level 5 in Axes
  9585 | D:7      | Reached skill level 5 in Armour
  9621 | D:7      | Noticed Pikel
  9692 | D:7      | Slain by Pikel

Illustrated notes

Levels and vault maps discovered:
D:1:      erik_arrival_triangle_medium, layout_basic
D:2:      layout_basic, uniq_natasha, uniq_sigmund
D:3:      layout_loops_ring, overflow_temple_1_default, serial_shops, shop,
          chequers_serial_rivers_micro_c, kennysheep_generic_room_11,
          uniq_jessica
D:4:      layout_basic, nicolae_hepliaklqana_hippocampus,
          mainiacjoe_overflow_brackets, zin_treasury, evilmike_ruin_ashenzari,
          uniq_blork_the_orc, uniq_robin
D:5:      layout_cave_pools, st_stairs_11
D:6:      layout_loops_ring, minmay_temple_entry_proselytizer,
          dreamdust_princess_bridge, uniq_edmund, uniq_prince_ribbit1,
          uniq_maggie
D:7:      layout_basic, tgw_kikubaaqudgha, enter_bailey_3, uniq_menkaure,
          uniq_pikel
Temple:   cyrus_circular_temple

Skill      XL: |  1  2  3  4  5  6  7  8  9 |
---------------+----------------------------+-----
Dodging        | 2 3 4 5 |  5.5
Evocations     | 1 2 3 4 5 |  5.7
Armour         | 1 2 3 4 5 |  5.1
Axes           | 1 2 3 4 5 |  5.1
Throwing       | 1 2 3 4 |  4.8
Fighting       | 4 5 6 |  6.4
Polearms       | |  1.7
Stealth        | |  4.5

Action                   |  1- 3 |  4- 6 |  7- 9 || total
-------------------------+-------+-------+-------++-------
Melee: Spear             |    40 |       |       ||    40
       Morningstar       |    31 |    97 |       ||   128
       Punch             |     1 |     1 |     3 ||     5
       Dagger            |       |    48 |       ||    48
       Club              |       |    30 |   177 ||   207
 Fire: Sling             |       |    40 |       ||    40
Throw: Throwing net      |     1 |       |       ||     1
       Dart              |       |     4 |    15 ||    19
       Boomerang         |       |       |     2 ||     2
Evoke: Wand              |     1 |       |    18 ||    19
  Use: Scroll            |     1 |       |    12 ||    13
       Potion            |     1 |       |       ||     1
 Stab: Held in net/web   |     1 |       |       ||     1
       Sleeping          |     4 |     3 |     3 ||    10
       Distracted        |       |       |     2 ||     2
Armor: Leather armour    |     1 |       |       ||     1
       Ring mail         |    15 |    72 |    72 ||   159
       Chain mail        |     4 |       |       ||     4
Dodge: Dodged            |    24 |   133 |   127 ||   284

Table legend: (Time is in decaauts)
 A = Elapsed time spent in this place.
 B = Non-inter-level travel time spent in this place.
 C = Inter-level travel time spent in this place.
 D = Time resting spent in this place.
 E = Time spent auto-exploring this place.
 F = Levels seen in this place.
 G = Mean time per level.
                   A        B        C        D        E       F      G
               +--------+--------+--------+--------+--------+-----+--------+
         Total |   9824 |   9441 |    383 |   1490 |   6358 |   9 | 1091.6 |
       Dungeon |   8829 |   8461 |    368 |   1016 |   6078 |   7 | 1261.3 |
        Temple |    202 |    187 |     15 |      0 |    178 |   1 |  202.0 |
        Bailey |    792 |    792 |      0 |    473 |    102 |   1 |  792.0 |
               +--------+--------+--------+--------+--------+-----+--------+

Top non-repeatable levels by time:
     D:2: 2251 daAuts
     D:4: 1317 daAuts
     D:3: 1304 daAuts
     D:6: 1231 daAuts
     D:5: 1061 daAuts
     D:7: 1029 daAuts
  Bailey: 792 daAuts
     D:1: 634 daAuts
  Temple: 202 daAuts
